 Dungeon Crawl Stone Soup version 0.20-a0-760-g49f5558 (webtiles) character file.

58 rageheart7 the Slasher (level 4, 0/29 HPs)
             Began as an Octopode Gladiator on Feb 26, 2017.
             Succumbed to an adder's poison
             ... on level 1 of the Dungeon.
             The game lasted 00:02:36 (1252 turns).

rageheart7 the Slasher (Octopode Gladiator)         Turns: 1252, Time: 00:02:37

Health: 0/29       AC:  1    Str: 14    XL:     4   Next: 2%
Magic:  4/4        EV: 14    Int: 10    God:
Gold:   34         SH:  0    Dex: 13    Spells: 3/3 levels left

rFire    . . .     SeeInvis .   a - +0 long sword
rCold    . . .     Gourm    .   (no shield)
rNeg     . . .     Faith    .   b - +0 hat
rPois    .         Spirit   .   (no amulet)
rElec    .         Reflect  .   (no ring)
rCorr    .         Harm     .   (no ring)
MR       .....                  (no ring)
Stlth    ++........             (no ring)
Regen    0.1/turn               (no ring)
MPRegen  0.1/turn               (no ring)
                                (no ring)
                                (no ring)

@: lethally poisoned (0 -> -3), very slightly contaminated, hasted, very quick
A: almost no armour, stealthy swim, amphibious, 8 rings, constrict 8, camouflage
1, gelatinous body 1
a: no special abilities


You were on level 1 of the Dungeon.
You were not hungry.

You visited 1 branch of the dungeon, and saw 2 of its levels.

You collected 34 gold pieces.

Inventory:

Hand Weapons
 a - a +0 long sword (weapon)
 i - a +2 dagger of venom
Missiles
 c - 3 throwing nets (quivered)
Armour
 b - a +0 hat (worn)
Comestibles
 d - a bread ration
 f - a chunk of flesh
 h - a meat ration
 k - 3 fruits


   Skills:
 - Level 2.0 Fighting
 * Level 4.3 Long Blades
 - Level 2.0 Throwing
 + Level 3.5 Dodging


You had 3 spell levels left.
You didn't know any spells.

Dungeon Overview and Level Annotations

Branches:
Dungeon (2/15)

Altars:


Innate Abilities, Weirdness & Mutations

You cannot wear most types of armour.
You are very stealthy in the water. (Stealth+)
You are amphibious.
You can wear up to eight rings at the same time.
You can use your tentacles to constrict eight enemies at once.
Your skin changes colour to match your surroundings (Stealth+).
Your rubbery body absorbs attacks. (AC +1, EV +1)


Message History

You release your grip on the bat.
The bat hits you.
* * * LOW HITPOINT WARNING * * *
The bat hits you but does no damage.
* * * LOW HITPOINT WARNING * * *
You feel sick. The bat hits you.
* * * LOW HITPOINT WARNING * * *
The bat completely misses you. The bat hits you but does no damage.
The bat hits you but does no damage.
* * * LOW HITPOINT WARNING * * *
You feel sick. The bat barely misses you. The bat closely misses you.
You riposte.
You hit the bat but do no damage. Your grab misses the bat.
There is a stone staircase leading up here.
The bat hits you but does no damage.
You climb upwards.
There is a stone staircase leading down here.
You barely miss the bat. Your grab misses the bat.
You die...

#.# #........ #.#
#........ #.#
#........ #.#
#........ #.#
########. #.#
######. #.#
##...... ####.#
##....... #.@..#
#........
#.b..######........
#....#.............
#....#.#####.......
#......# ##.......
#.)..### #........
#....######........
#....##.......)....
#######...>........


You could see a bat.

Vanquished Creatures
  2 adders (D:2)
  A dart slug (D:2)
  2 leopard geckos (D:1)
  2 giant cockroaches (D:1)
  7 goblins
  3 hobgoblins (D:1)
  A quokka (D:2)
  4 bats
  2 frilled lizards
  5 kobolds (D:1)
  7 rats
36 creatures vanquished.

Notes
Turn   | Place    | Note
-------+----------+-------------------------------------------
     0 | D:1      | rageheart7 the Octopode Gladiator began the quest for the Orb.
     0 | D:1      | Reached XP level 1. HP: 14/14 MP: 1/1
   119 | D:1      | Reached XP level 2. HP: 19/19 MP: 2/2
   495 | D:1      | Reached XP level 3. HP: 24/24 MP: 3/3
   689 | D:2      | Reached skill level 4 in Long Blades
  1199 | D:2      | Reached XP level 4. HP: 29/29 MP: 4/4
  1241 | D:2      | HP: 1/29 [bat (1)]
  1247 | D:2      | HP: 1/29 [poisoned by an adder]
  1252 | D:1      | Succumbed to an adder's poison

Vault maps used:
D:1:      dpeg_arrival_boxes_within_box
D:2:      mumra_celtic_spiral_tile

Skill      XL: |  1  2  3 |
---------------+----------+-----
Long Blades    | 4 |  4.3
Fighting       | |  2.0
Throwing       | |  2.0
Dodging        | |  3.5

Action                   |  1- 3 |  4- 6 || total
-------------------------+-------+-------++-------
Melee: Long sword        |    50 |     1 ||    51
       Constrict         |    16 |     2 ||    18
       Tentacles         |    12 |       ||    12
  Use: Scroll            |     3 |       ||     3
       Potion            |     1 |     1 ||     2
 Stab: Sleeping          |     3 |       ||     3
  Eat: Chunk             |     1 |       ||     1
Armor: Skin              |     3 |    10 ||    13
Dodge: Dodged            |    46 |    16 ||    62
       Rpst.: Long sword |    14 |     3 ||    17
